 Dungeon Crawl Stone Soup version 0.6.0-a1-1684-g87f499d character file.

3327 Firo the Cleaver (level 9, -7/76 HPs)
             Began as a Mountain Dwarf Fighter on Dec 28, 2009.
             Was a Priest of Okawaru.
             Mangled by Gastronok (23 damage)
             ... on Level 8 of the Dungeon.
             The game lasted 00:57:23 (10115 turns).

Firo the Cleaver (Mountain Dwarf Fighter)          Turns: 10115, Time: 00:57:23

HP  -7/76        AC  8     Str 26 Exp: 9/4288 (1), need: 794
MP  14/14        EV  8     Int  9      God: Okawaru [***...]
Gold 326         SH 24     Dex 11      Spells:  0 memorised,  8 levels left

Res.Fire  : . . .   See Invis. : .   H - +1 dwarf hand axe
Res.Cold  : . . .   Warding    : .   b - +0 dwarf scale mail
Life Prot.: + . .   Conserve   : .   c - +0 dwarf shield (curse)
Res.Poison: .       Res.Corr.  : .   (no helmet)
Res.Elec. : .       Clarity    : .   (no cloak) Spirit.Shd: .
                                     (no gloves)
Sust.Abil.: .       Rnd.Telep. : .   (no boots)
Res.Mut.  : .       Ctrl.Telep.: .   (no amulet)
Res.Rott. : .       Levitation : .   I - ring of life protection
Res.Slow  : .       Ctrl.Flight: .   t - ring of magical power
Saprovore : . . .

@: mighty, slightly resistant to magic, extremely unstealthy
A: no striking features
a: Might, Renounce Religion


You were on level 8 of the Dungeon.
You worshipped Okawaru.
Okawaru was greatly pleased with you.
You were hungry.

You visited 2 branches of the dungeon, and saw 9 of its levels.

You collected 475 gold pieces.
You spent 169 gold pieces at shops.

Inventory:

Hand weapons
 H - a +1,+1 dwarven hand axe (weapon)
Armour
 b - a +0 dwarven scale mail (worn)
 c - a cursed +0 dwarven shield (worn)
Magical devices
 p - a wand of disintegration (7)
 D - a wand of confusion (5)
 G - a wand of frost (12)
Comestibles
 l - 3 meat rations
Scrolls
 d - a scroll of curse armour
 e - a scroll of enchant weapon II
 f - 3 scrolls of magic mapping
 h - a scroll of curse weapon
 k - 10 scrolls of identify
 n - a scroll of enchant weapon I
 o - a scroll of enchant armour
 q - 2 scrolls of blinking
 s - 3 scrolls of teleportation
 v - 4 scrolls of detect curse
 y - a scroll of fog
 A - a scroll of random uselessness
 C - 2 scrolls of noise
Jewellery
 t - a ring of magical power (left hand)
 I - a ring of life protection (right hand)
Potions
 a - a potion of invisibility
 j - a potion of confusion
 m - 2 potions of poison
 r - a potion of gain intelligence
 u - a potion of restore abilities
 w - 2 potions of resistance
 z - a potion of slowing
Books
 x - a book of Wizardry

   Spells                             Type                      Level
   Selective Amnesia                  Enchantment                  4
   Summon Elemental                   Summoning                    4
   Teleport Self                      Translocation                5
   Fireball                           Conjuration/Fire             6
   Haste                              Enchantment                  6
   You had 1 experience left.


   Skills:
 + Level 7 Fighting
 + Level 11 Axes
 + Level 7 Armour
 + Level 7 Shields


You had 8 spell levels left.
You didn't know any spells.

Overview of the Dungeon

Branches:
Temple (1/1): D:4 Orc (0/4): D:7

Altars:
Cheibriados: D:6

Shops:
D:4: ! D:7: =


Message History

The giant bat hits you but doesn't do any damage.
You slash Gastronok!
Gastronok is moderately wounded.
You block the quokka's attack. The giant bat misses you.
You slash Gastronok!
Gastronok is heavily wounded.

#.# ##########
#.####..#.....#
#.##<#.......## ###
##<#.......##.######.# .
##<.......#<##...#.##
..#####.........#..##.#..
..#.#.#..............##..#
.....#.##.............#...#
........##.@b.....).........
.......#.##jr.............##
..........(.................#
...........................##
..........#..................
.........###.................
........## ##................
..#......###......#(.........
##......#......###(........


You could see Gastronok, a quokka and a giant bat.

Vanquished Creatures
  Pikel (D:6)
  A necrophage (D:7)
  A phantom (D:8)
  6 ogres
  4 slaves (D:7)
  A warg (D:7)
  4 centaurs
  An ice beast (D:6)
  A giant frog (D:4)
  Menkaure (D:7)
  2 hounds
  Dowan (D:8)
  An orc priest (D:6)
  2 imps
  A big kobold zombie (D:7)
  7 giant ants
  7 orc wizards
  A giant iguana (D:5)
  A scorpion (D:5)
  A worm zombie (D:7)
  7 gnolls
  3 worms
  8 snakes
  A snake zombie (D:8)
  Jessica (D:2)
  A giant eyeball (D:6)
  3 giant cockroaches
  4 giant geckos
  16 hobgoblins
  10 kobolds
  21 orcs
  4 quokkas
  A small snake (D:7)
  13 giant bats
  3 giant newts
  12 goblins
  2 hobgoblin zombies (D:7)
  A jackal zombie (D:7)
  15 rats
  2 toadstools (D:4)
173 creatures vanquished.

Vanquished Creatures (others)
  A snake (D:6)
  A giant gecko (D:6)
  A rat (D:2)
  7 toadstools
10 creatures vanquished.

Grand Total: 183 creatures vanquished

Notes
Turn   | Place    | Note
--------------------------------------------------------------
     0 | D:1      | Firo, the Mountain Dwarf Fighter, began the quest for the Orb.
     0 | D:1      | Reached XP level 1. HP: 16/16 MP: 0/0
   229 | D:1      | Reached XP level 2. HP: 23/23 MP: 1/1
  1013 | D:2      | Reached XP level 3. HP: 29/29 MP: 1/1
  1281 | D:2      | Noticed Jessica
  1295 | D:2      | Defeated Jessica
  1766 | D:3      | Reached XP level 4. HP: 17/37 MP: 2/2
  2626 | D:4      | Found a staircase to the Ecumenical Temple.
  2646 | D:4      | Reached XP level 5. HP: 4/44 MP: 3/3
  2647 | D:4      | 4 hps left, that ogre was a bit too tough
  2747 | D:4      | Reached skill 5 in Armour
  2919 | D:4      | Found Mnonaos' Distillery.
  2969 | D:4      | Bought a potion of healing for 24 gold pieces
  2969 | D:4      | Bought a potion of healing for 24 gold pieces
  2969 | D:4      | Bought a potion of heal wounds for 36 gold pieces
  2969 | D:4      | Bought a potion of heal wounds for 36 gold pieces
  2969 | D:4      | Bought 2 potions of healing for 48 gold pieces
  3128 | D:4      | Reached skill 5 in Axes
  3142 | D:4      | Reached XP level 6. HP: 45/50 MP: 3/3
  3317 | Temple   | Entered the Ecumenical Temple
  3376 | Temple   | Became a worshipper of Warmaster Okawaru
  3425 | D:5      | Entered Level 5 of the Dungeon
  3697 | D:5      | Reached skill 6 in Axes
  4384 | D:5      | Reached skill 5 in Shields
  4760 | D:5      | Reached skill 7 in Axes
  4765 | D:5      | Reached XP level 7. HP: 18/57 MP: 4/4
  5128 | D:5      | Reached skill 5 in Fighting
  5325 | D:5      | Acquired Okawaru's first power
  5558 | D:6      | Reached skill 8 in Axes
  6590 | D:6      | Reached XP level 8. HP: 66/66 MP: 5/5
  6908 | D:6      | Reached skill 9 in Axes
  7375 | D:6      | Found a snail-covered altar of Cheibriados.
  7487 | D:7      | Noticed Prince Ribbit
  7961 | D:7      | Found a staircase to the Orcish Mines.
  7974 | D:7      | Found a sand-covered staircase.
  8039 | D:7      | Noticed Menkaure
  8056 | D:7      | Defeated Menkaure
  8237 | D:7      | Noticed Pikel
  8455 | D:6      | Reached skill 10 in Axes
  8601 | D:6      | Defeated Pikel
  8601 | D:6      | Reached XP level 9. HP: 60/74 MP: 5/5
  8634 | D:7      | Found Psoigyal's Jewellery Emporium.
  8673 | D:7      | Bought a cursed ring of hunger for 1 gold piece
  9040 | D:7      | Reached skill 11 in Axes
  9639 | D:8      | Noticed Dowan
  9658 | D:8      | Defeated Dowan
  9664 | D:8      | Noticed Gastronok
  9736 | D:8      | HP: 3/76 [giant ant (1)]
  9758 | D:8      | HP: 2/76 [grey rat[Gastronok] (3)]
 10115 | D:8      | Mangled by Gastronok
